 Dungeon Crawl Stone Soup version 0.18-a0-1088-g34ef3a2 (webtiles) character file.

14944 4thArraOfDagon the Cruncher (level 11, -2/92 HPs)
             Began as a Demigod Gladiator on Jan 15, 2016.
             Slain by an unseen horror (10 damage)
             ... on level 14 of the Dungeon.
             The game lasted 00:45:38 (6849 turns).

4thArraOfDagon the Cruncher (Demigod Gladiator)     Turns: 6849, Time: 00:45:39

Health: -2/92      AC:  5    Str: 21    XL:     11   Next: 64%
Magic:  19/19      EV: 17    Int: 15    God:
Gold:   447        SH:  0    Dex: 18    Spells: 2 memorised, 8 levels left

rFire  . . .     SeeInvis .     z - +2 dire flail (freeze)
rCold  + . .     Gourm    .     K - troll hide
rNeg   . . .     Faith    .     (shield currently unavailable)
rPois  .         Spirit   .     c - +0 helmet
rElec  .         Dismiss  .     (no cloak)
rCorr  .         Reflect  .     (no gloves)
SustAt +         Harm     .     J - +1 pair of boots
MR     +....                    (no amulet)
Stlth  +.........               r - +2 ring of intelligence
                                W - ring of protection from cold

@: somewhat resistant to hostile enchantments, very unstealthy
A: high mp 1, sustain attributes
a: no special abilities


You were on level 14 of the Dungeon.
You were not hungry.

You visited 1 branch of the dungeon, and saw 14 of its levels.
You also visited: Bailey.

You collected 471 gold pieces.

Inventory:

Hand Weapons
 a - a +0 quarterstaff
 e - a +1 whip of venom
 h - a +0 whip of electrocution
 z - a +2 dire flail of freezing (weapon)
 A - a +0 blowgun
 M - a +0 flail of protection
 U - a +1 war axe of chopping
Missiles
 t - 8 javelins (quivered)
Armour
 c - a +0 helmet (worn)
 C - a +2 ring mail of fire resistance
 J - a +1 pair of boots (worn)
 K - a troll hide (worn)
Magical Staves
 l - a cursed staff of death {unknown}
Jewellery
 r - a +2 ring of intelligence (right hand)
 u - an uncursed ring of see invisible
 W - a ring of protection from cold (left hand)
 Y - a +2 ring of intelligence
Wands
 j - a wand of slowing (30/48)
 m - a wand of confusion (0/48)
 n - a wand of lightning (0/15)
 D - a wand of teleportation (7/9)
 E - a wand of paralysis (0/24)
 O - a wand of slowing (36/48)
 R - a wand of cold (3/15)
 S - a wand of frost (20/48)
 T - a wand of cold (8/15)
Scrolls
 d - 6 scrolls of remove curse
 i - 4 scrolls of amnesia
 q - 8 scrolls of teleportation
 v - 3 scrolls of recharging
 y - 3 scrolls of fear
 P - 2 scrolls of enchant weapon
Potions
 b - a potion of brilliance {unknown}
 p - 2 potions of resistance
 w - a potion of magic
 B - 2 potions of lignification
 H - 6 potions of curing
 I - 3 potions of heal wounds
 N - a potion of haste {unknown}
 Q - a potion of flight {unknown}
 V - a potion of mutation {unknown}
 X - a potion of cancellation {unknown}
Books
 x - a book of Conjurations

   Spells                             Type                      Level
   a - Magic Dart                     Conjuration                  1
   b - Searing Ray                    Conjuration                  2
   c - Dazzling Spray                 Conjuration/Hexes            3
   d - Fulminant Prism                Conjuration/Hexes            4
   e - Iskenderun's Mystic Blast      Conjuration                  4
   f - Iskenderun's Battlesphere      Conjuration/Charms           5
 F - a book of Death

   Spells                             Type                      Level
   a - Corpse Rot                     Necromancy                   2
   b - Sublimation of Blood           Necromancy                   2
   c - Agony                          Necromancy                   5
   d - Dispel Undead                  Necromancy                   5
   e - Excruciating Wounds            Charms/Necromancy            5
   f - Bolt of Draining               Conjuration/Necromancy       5
 L - a book of the Earth

   Spells                             Type                      Level
   a - Leda's Liquefaction            Hexes/Earth                  4
   b - Bolt of Magma                  Conjuration/Fire/Earth       5
   c - Statue Form                    Transmutation/Earth          6
   d - Iron Shot                      Conjuration/Earth            6
   e - Shatter                        Earth                        9
Miscellaneous
 s - a phial of floods (inert)
 G - a plain deck of wonders {drawn: 4}
Comestibles
 f - 7 bread rations
 g - 2 fruits
 k - 2 slices of pizza
 o - 7 meat rations
 Z - a chunk of flesh


   Skills:
 + Level 7.5 Fighting
 * Level 6.8(8.8) Maces & Flails
 - Level 8.5(9.5) Staves
 - Level 1.7 Throwing
 + Level 7.7 Dodging
 + Level 3.2 Spellcasting
 * Level 5.8 Transmutations
 * Level 5.5 Earth Magic
 + Level 4.8 Evocations


You had 8 spell levels left.
You knew the following spells:

 Your Spells              Type           Power        Failure   Level  Hunger
a - Statue Form           Trmt/Erth      ###......    100%        6    #######
b - Sublimation of Blood  Necr           #.........   38%         2    ##.....


Dungeon Overview and Level Annotations

Branches:
Dungeon (14/15)            Temple (0/1) D:7             Orc (0/2) D:10
 Vaults (0/5) D:14
   Lair: D:8-11

Annotations:
D:4 namelastname112's ghost, amateur DrWz
D:12 Fannar; ater218's ghost, journeyman MiBe


Innate Abilities, Weirdness & Mutations

You have an increased reservoir of magic (+10% MP).
Your attributes are resistant to harm.


Message History

The wave splashes down.
Splash!
You fall into the shallow water.
Moving in this stuff is going to be slow.
The water rises up and takes form.
You hear a horrible gurgling sound! x5
Unknown command.
The tengu warrior barely misses you.
Your water elemental barely misses something.
Unknown command.
Unknown command.
You hear a splashing noise.
The tengu warrior hits you from afar with a halberd!!
* * * LOW HITPOINT WARNING * * *
Unknown command.
Unknown command.
Unknown command.
Your water elemental closely misses the tengu warrior.
Something hits you!
You die...

####### #.....#
#..#.## #..#.# ..
#..#.# .. #..#.## ..
#..#.@## .# #..#..≈##
.# ####....Q≈≈# .#
##...#.#.E≈###.##.#
##........≈≈(Q.....#
##.......#..####.####
#...........# .#
#...........# .#
#.........#.# .#


You could see a tengu warrior and a friendly water elemental.

Vanquished Creatures
  An unseen horror (D:11)
  Pikel (D:7)
  A hill giant (D:11)
  2 ugly things
  2 cyclopes
  A manticore (D:14)
  A centaur skeleton (D:11)
  A two-headed ogre (D:12)
  3 trolls
  A slime creature (D:12)
  3 wyverns
  3 wraiths (D:10)
  14 yaks (D:10)
  2 humans
  A shadow (D:11)
  A basilisk (D:11)
  2 vampire mosquitoes (D:14)
  2 wolves
  Menkaure (D:7)
  2 wargs (D:10)
  2 water moccasins
  A phantom (D:12)
  2 sky beasts
  2 black bears
  4 ice beasts
  A necrophage (D:11)
  A slave (D:7)
  3 orc warriors
  10 centaurs
  4 ogres
  2 big kobolds
  7 giant frogs
  2 scorpions
  A water moccasin skeleton (D:6)
  8 killer bees
  7 wights
  4 crimson imps
  A giant frog zombie (D:11)
  A centaur zombie (D:7)
  2 quasits
  7 hounds
  A jelly (D:11)
  A gnoll shaman (D:4)
  6 orc priests
  A wasp zombie (D:12)
  12 orc wizards
  Natasha (thrice) (D:3)
  6 worker ants
  A killer bee zombie (D:11)
  3 sheep
  11 gnolls
  5 adders
  3 shadow imps
  An adder zombie (D:8)
  3 adder skeletons
  A worm (D:3)
  3 giant geckos
  35 orcs
  5 giant cockroaches
  9 goblins
  4 hobgoblins
  5 jackals
  A ball python (D:4)
  6 bats
  2 giant newts (D:2)
  13 kobolds
  4 rats
262 creatures vanquished.

Vanquished Creatures (collateral kills)
  Josephine (D:10)
1 creature vanquished.

Vanquished Creatures (others)
  A slave (D:7)
  An orc wizard (D:7)
  An orc (D:7)
3 creatures vanquished.

Grand Total: 266 creatures vanquished

Notes
Turn   | Place    | Note
--------------------------------------------------------------
     0 | D:1      | 4thArraOfDagon the Demigod Gladiator began the quest for the Orb.
     0 | D:1      | Reached XP level 1. HP: 17/17 MP: 3/3
    74 | D:2      | 4thArraOfDagon: whatsup btw
    74 | D:2      | BLOAX: I like this new album I stumbled onto.
    74 | D:2      | 4thArraOfDagon: black horizons?
    83 | D:2      | BLOAX: yes
    85 | D:2      | 4thArraOfDagon: its cool
    85 | D:2      | 4thArraOfDagon: last song is interesting
   106 | D:1      | BLOAX: It's like a less competent Dissection.
   129 | D:1      | BLOAX: except the drumming which is very nice
   138 | D:1      | Reached skill level 3 in Staves
   166 | D:1      | Reached XP level 2. HP: 15/24 MP: 4/4
   176 | D:1      | BLOAX: but that's not saying much since dissection was kind of a big deal
   248 | D:2      | Found an opulent altar of Gozag.
   286 | D:2      | 4thArraOfDagon: no, they are very good
   286 | D:2      | BLOAX: no doubt about that
   286 | D:2      | 4thArraOfDagon: but well i dont know dissection that much
   286 | D:2      | 4thArraOfDagon: anyway im more into folk/pagan bm recently
   391 | D:4      | 4thArraOfDagon: black horizons
   391 | D:4      | 4thArraOfDagon: a dream funeral
   391 | D:4      | 4thArraOfDagon: isnt better?
   420 | D:4      | 4thArraOfDagon: strong beggining
   422 | D:4      | Noticed an ogre
   434 | D:4      | Killed an ogre
   434 | D:4      | Reached skill level 4 in Staves
   434 | D:4      | Reached XP level 3. HP: 28/30 MP: 5/5
   434 | D:4      | Reached XP level 4. HP: 34/37 MP: 6/6
   453 | D:4      | BLOAX: It's more like the second Dissection album, that's for sure.
   470 | D:4      | BLOAX: it's not very hard to figure out why they sound so much like dissection
   477 | D:4      | 4thArraOfDagon: why
   477 | D:4      | BLOAX: seeing that the band name is literally the name of the first song of their first album
   477 | D:4      | 4thArraOfDagon: they share members?
   477 | D:4      | 4thArraOfDagon: ah ok
   513 | D:4      | Reached XP level 5. HP: 36/44 MP: 7/7
   519 | D:5      | Entered Level 5 of the Dungeon
   522 | D:4      | christ
   522 | D:4      | BLOAX: i.e. https://www.youtube.com/watch?v=Nxfn2lwLzXI
   728 | D:5      | Found a sparkling altar of Nemelex Xobeh.
   731 | D:5      | Found a bloodstained altar of Trog.
   738 | D:5      | 4thArraOfDagon: lol yea
   738 | D:5      | BLOAX: although they missed one bit that i particularly like
   738 | D:5      | 4thArraOfDagon: dissection is kinda popular i guess?
   738 | D:5      | BLOAX: really long and really fancy tremolo riffs
   758 | D:5      | BLOAX: dissection is pretty much the most famous meloblack band
  1016 | D:6      | Reached skill level 5 in Staves
  1016 | D:6      | BLOAX: this song has a really neat chorus
  1016 | D:6      | Reached XP level 6. HP: 35/51 MP: 8/8
  1120 | D:6      | Found an ancient bone altar of Kikubaaqudgha.
  1134 | D:7      | Found a staircase to the Ecumenical Temple.
  1179 | D:7      | 4thArraOfDagon: 5:14 slowdown
  1179 | D:7      | 4thArraOfDagon: is delicious
  1183 | D:7      | 4thArraOfDagon: and chorus
  1193 | D:7      | 4thArraOfDagon: thats fuckin genius
  1310 | D:7      | Reached XP level 7. HP: 56/58 MP: 9/9
  1331 | D:7      | Noticed Menkaure
  1348 | D:7      | Killed Menkaure
  1348 | D:7      | Reached skill level 6 in Staves
  1377 | D:7      | Noticed Pikel
  1411 | D:7      | Killed Pikel
  1411 | D:7      | Reached skill level 7 in Staves
  1411 | D:7      | Reached skill level 5 in Dodging
  1411 | D:7      | Reached XP level 8. HP: 44/67 MP: 10/10
  1504 | D:5      | Found a glowing golden altar of the Shining One.
  1751 | D:4      | Found a snail-covered altar of Cheibriados.
  1833 | D:3      | Noticed Natasha
  1871 | D:3      | Killed Natasha
  1952 | D:3      | Found a shadowy altar of Dithmenos.
  2116 | D:3      | Noticed Natasha
  2127 | D:3      | Killed Natasha
  2148 | D:3      | Noticed Natasha
  2167 | D:3      | Killed Natasha
  2167 | D:3      | Reached skill level 5 in Fighting
  2408 | D:4      | Noticed namelastname112's ghost (amateur DrWz)
  2600 | D:5      | Found a sacrificial altar of Ru.
  2726 | D:6      | Reached skill level 8 in Staves
  3017 | D:8      | Reached skill level 1 in Evocations
  3099 | D:8      | Reached skill level 1 in Maces & Flails
  3099 | D:8      | Reached XP level 9. HP: 75/75 MP: 13/13
  3530 | D:9      | Noticed a cyan ugly thing
  3541 | D:9      | Killed a cyan ugly thing
  3554 | D:9      | Found a shimmering altar of Xom.
  3756 | D:9      | Learned a level 6 spell: Statue Form
  3759 | D:9      | Learned a level 2 spell: Sublimation of Blood
  3773 | D:9      | BLOAX: The title track is pretty magical too https://www.youtube.com/watch?v=otrzYM9ldRA
  3776 | D:9      | 4thArraOfDagon: o live
  3850 | D:10     | Entered Level 10 of the Dungeon
  3903 | D:10     | Reached skill level 1 in Earth Magic
  3922 | D:10     | Reached skill level 1 in Transmutations
  3976 | D:10     | Noticed Josephine
  4004 | D:10     | Killed Josephine
  4097 | D:10     | Reached skill level 1 in Spellcasting
  4102 | D:10     | Reached XP level 10. HP: 35/84 MP: 15/15
  4214 | D:10     | Found a flagged portal.
  4234 | Bailey   | Entered a bailey
  4286 | Bailey   | Drew Focus: Str increased to 21, Int decreased to 13
  4351 | D:10     | Reached skill level 5 in Maces & Flails
  4486 | D:10     | Found a staircase to the Orcish Mines.
  4513 | D:11     | Found a radiant altar of Vehumet.
  4689 | D:11     | 4thArraOfDagon: hmm
  4689 | D:11     | 4thArraOfDagon: they sound equally good live and studio
  4699 | D:11     | BLOAX: staplemark of a very competent band
  4699 | D:11     | 4thArraOfDagon: yea
  4867 | D:10     | BLOAX: what is hilarious is when live is much better than studio
  5059 | D:11     | Noticed a red ugly thing
  5078 | D:11     | Killed a red ugly thing
  5132 | D:11     | Reached XP level 11. HP: 92/92 MP: 18/18
  5134 | D:11     | Noticed an unseen horror
  5142 | D:11     | Killed an unseen horror
  5157 | D:11     | 4thArraOfDagon: https://www.youtube.com/watch?v=Vj8jLyb8x0w
  5157 | D:11     | 4thArraOfDagon: this one sounds amazing
  5157 | D:11     | 4thArraOfDagon: and i claim that thats actuyally true
  5310 | D:12     | BLOAX: i really don't like the baldman headbang
  5316 | D:12     | BLOAX: it just looks wrong
  5333 | D:12     | 4thArraOfDagon: seems strange
  5333 | D:12     | 4thArraOfDagon: Dallas from Nile
  5333 | D:12     | 4thArraOfDagon: also
  5333 | D:12     | BLOAX: https://www.youtube.com/watch?v=kT0isDbTKwY
  5333 | D:12     | BLOAX: occasionally that stuff happens
  5333 | D:12     | 4thArraOfDagon: watch this
  5333 | D:12     | 4thArraOfDagon: https://www.youtube.com/watch?v=XVF1N03lonc
  5333 | D:12     | 4thArraOfDagon: from 1:40
  5333 | D:12     | 4thArraOfDagon: and look carefully at vocalist
  5333 | D:12     | 4thArraOfDagon: he suddenly looses all his hair
  5333 | D:12     | 4thArraOfDagon: this is hillarious
  5333 | D:12     | 4thArraOfDagon: gammaray o wow
  5333 | D:12     | 4thArraOfDagon: stop digging up those classics
  5333 | D:12     | 4thArraOfDagon: !
  5405 | D:12     | Noticed Fannar
  5483 | D:11     | Noticed a hill giant
  5504 | D:11     | Killed a hill giant
  5504 | D:11     | Reached skill level 5 in Transmutations
  5658 | D:12     | Noticed ater218's ghost (journeyman MiBe)
  5920 | D:13     | Noticed a five-headed hydra
  6074 | D:12     | Reached skill level 5 in Earth Magic
  6190 | D:12     | Found an oddly glowing altar of Pakellas.
  6190 | D:12     | Noticed an orange crystal statue
  6280 | D:13     | Noticed a hill giant
  6411 | D:14     | Found a gate to the Vaults.
  6411 | D:14     | Noticed an orc knight
  6411 | D:14     | Noticed a skeletal warrior
  6411 | D:14     | Noticed a hill giant
  6835 | D:14     | Noticed a tengu warrior
  6849 | D:14     | Slain by an unseen horror

Vault maps used:
D:1:      dpeg_arrival_orchard
D:2:      nicolae_gozag_cash_rules_everything_around_me
D:3:      nicolae_dithmenos_shadow_blocks, lemuel_statue_altar, uniq_natasha
D:4:      cheibriados_altar_wand_db
D:5:      nicolae_ru_the_path_less_chosen, minitemple, basic_altar, first_bread
D:6:      basic_altar
D:7:      minmay_temple_entry_statues_fountains, grunt_ogre_cave, uniq_pikel,
          uniq_menkaure, uniq_prince_ribbit1
D:8:      bh_walls_and_bars
D:9:      small_statue_alley_b, xom_teletrap_fun
D:10:     erik_orc_4, enter_bailey_3, roderic_serpentine_path, uniq_josephine
D:11:     erik_lair_island, basic_altar
D:12:     gammafunk_pakellas_statue_experiment, uniq_fannar
D:14:     cheibrodos_stairvault_heist, david_vaults_3, grunt_decor_mini_mirrors,
          basic_altar
Bailey:   bailey_axe_of_yendor_kennysheep, bailey

Action                   |  1- 3 |  4- 6 |  7- 9 | 10-12 || total
-------------------------+-------+-------+-------+-------++-------
Melee: Quarterstaff      |    19 |     4 |    41 |       ||    64
       Whip              |    38 |    99 |   244 |       ||   381
       Dire flail        |       |       |   140 |   467 ||   607
Throw: Throwing net      |     6 |     1 |     3 |       ||    10
       Javelin           |       |       |     3 |     3 ||     6
Evoke: Wand              |       |     2 |     9 |    16 ||    27
       Phial of floods   |       |       |     1 |     1 ||     2
       Deck              |       |       |       |     4 ||     4
  Use: Scroll            |     1 |     5 |     8 |     4 ||    18
       Potion            |       |     1 |     3 |       ||     4
 Stab: Held in net/web   |     3 |     1 |     1 |       ||     5
       Sleeping          |     1 |       |       |     1 ||     2
       Confused          |       |     4 |       |     1 ||     5
       Paralysed         |       |       |    16 |    27 ||    43
  Eat: Chunk             |       |     1 |    10 |     8 ||    19
       Royal jelly       |       |       |       |     1 ||     1
